 Dungeon Crawl Stone Soup version 0.26.1-11-gd32895ea62 (webtiles) character file.

Game seed: 8925756041385689527

611 Phaedo the Ruffian (level 7, -1/57 HPs)
             Began as a Ghoul Monk on Apr 16, 2021.
             Slain by a gnoll
             ... wielding a +0 spear
              (8 damage)
             ... on level 5 of the Dungeon.
             The game lasted 00:10:38 (4383 turns).

Phaedo the Ruffian (Ghoul Monk)                     Turns: 4383, Time: 00:10:39

Health: -1/57      AC:  4    Str: 16    XL:     7   Next: 44%
Magic:  6/6        EV: 13    Int:  6    God:
Gold:   280        SH:  0    Dex: 11    Spells: 6/6 levels left

rFire    . . .     SeeInvis .     - Unarmed
rCold    + . .     Faith    .   (no shield)
rNeg     + + +     Spirit   .   a - +0 robe
rPois    ∞         Reflect  .   (no helmet)
rElec    .         Harm     .   n - +1 cloak
rCorr    .         Rampage  .   (no gloves)
Will     .....                  (no boots)
Stlth    +++.......             (no amulet)
HPRegen  0.00/turn              (no ring)
MPRegen  0.10/turn              (no ring)

@: no status effects
A: claws 1, cold resistance 1, negative energy resistance 3, inhibited
regeneration, torment resistance, unbreathing
a: no special abilities


You were on level 5 of the Dungeon.
You visited 2 branches of the dungeon, and saw 6 of its levels.

You collected 280 gold pieces.

Inventory:

Hand Weapons
 c - a +1 dagger of electrocution
 l - a +2 dagger of venom
Missiles
 q - 42 poisoned darts (quivered)
 s - 28 stones
Armour
 a - a +0 robe (worn)
 i - a +0 cloak
 n - a +1 cloak (worn)
 r - a +2 hat
 w - the +1 robe of Disguise {Rampage *Slow rF+ Int+6, unknown}
   (You found it on level 5 of the Dungeon)

   It affects your intelligence (+6).
   It protects you from fire.
   It may slow you when you take damage.
   It bestows one free step when moving towards enemies.
Jewellery
 o - an uncursed ring of magical power {unknown}
Scrolls
 d - 6 scrolls of teleportation {unknown}
 f - a scroll of noise {unknown}
 h - a scroll of immolation {unknown}
 k - 4 scrolls of identify {unknown}
 m - a scroll of fog {unknown}
 p - a scroll of amnesia {unknown}
 v - a scroll of enchant weapon {unknown}
Potions
 b - a potion of berserk rage {unknown}
 e - a potion of brilliance {unknown}
 g - a potion of cancellation {unknown}
 j - 2 potions of curing {unknown}
 t - a potion of heal wounds {unknown}
 u - a potion of resistance {unknown}


   Skills:
 - Level 3.2 Fighting
 + Level 4.4 Dodging
 - Level 5.0 Stealth
 * Level 6.9 Unarmed Combat


You had 6 spell levels left.
You didn't know any spells.
Your spell library contained the following spells:

 Spells                   Type           Power        Failure   Level
 Freeze                   Ice            0%           45%         1
 Magic Dart               Conj           0%           45%         1
 Blink                    Tloc           N/A          58%         2
 Call Imp                 Summ           0%           58%         2
 Slow                     Hex            0%           58%         2
 Conjure Flame            Conj/Fire      0%           83%         3
 Frozen Ramparts          Ice            0%           83%         3
 Mephitic Cloud           Conj/Pois/Air  0%           83%         3
 Ozocubu's Armour         Ice            0%           83%         3
 Hailstorm                Conj/Ice       0%           99%         4
 Summon Ice Beast         Ice/Summ       0%           99%         4


Dungeon Overview and Level Annotations

Branches:
Dungeon (5/15)             Temple (1/1) D:4

Altars:
Dithmenos
Elyvilon
Gozag
Hepliaklqana
Kikubaaqudgha
Makhleb
Nemelex Xobeh
Okawaru
Qazlal
Ru
Uskayaw
Vehumet
Xom
Yredelemnul
The Shining One

Shops:
D:5 (

Annotations:
D:3 Grinder


Innate Abilities, Weirdness & Mutations

You thrive by killing the living.
You are immune to poison.
You have sharp fingernails.
Your flesh is cold resistant. (rC+)
You are immune to negative energy. (rN+++)
You do not regenerate when monsters are visible.
You are immune to unholy pain and torment.
You can survive without breathing.


Message History

You claw the gnoll!
The gnoll is severely wounded.
The gnoll hits you but does no damage.
You scratch the gnoll but do no damage.
The gnoll is severely wounded.
The gnoll hits you with a +0 spear.
* * * LOW HITPOINT WARNING * * *
You barely miss the gnoll.
The gnoll is severely wounded.
The gnoll hits you with a +0 spear!
* * * LOW HITPOINT WARNING * * *
You scratch the gnoll.
The gnoll is severely wounded.
The gnoll misses you.
You barely miss the gnoll.
The gnoll is severely wounded.
You scratch the gnoll but do no damage.
The gnoll is severely wounded.
The gnoll hits you with a +0 spear!
You die...

.# # #.#..... .## .# .#
#.#..... ...g #.##.#
#.#..... .....##+###....#
#.#.....
....#........###+#.######
...................# #
##..............######
#....g..............))
###'##@.........#######
#.'∩+.)##.#............
#.#'#..##.#.....#######
#......##.......# #....
##.#.#######....###.###
#.#.# #....#.†..##
#.#.#######....#......
##.....................
#.......##.............


You could see a gnoll.

Vanquished Creatures
  A water moccasin (D:5)
  A scorpion (D:3)
  A howler monkey (D:5)
  A crimson imp (D:5)
  Crazy Yiuf (D:2)
  A jelly (D:5)
  An orc wizard (D:5)
  A worker ant (D:4)
  Natasha (thrice) (D:2)
  4 gnolls
  5 adders
  2 oozes (D:3)
  An adder skeleton (D:3)
  A dart slug (D:1)
  5 leopard geckos
  14 orcs
  6 bats
  5 giant cockroaches
  8 hobgoblins
  8 kobolds
  2 quokkas
  2 ball pythons
  8 frilled lizards
  7 goblins
  A goblin skeleton (D:5)
  2 hobgoblin zombies (D:5)
  A kobold zombie (D:5)
  3 orc skeletons (D:5)
  An orc zombie (D:5)
  10 rats
107 creatures vanquished.

Vanquished Creatures (others)
  A plant (Temple)
1 creature vanquished.

Grand Total: 108 creatures vanquished

Notes
Turn   | Place    | Note
-------+----------+-------------------------------------------
     0 | D:1      | Phaedo the Ghoul Monk began the quest for the Orb.
     0 | D:1      | Reached XP level 1. HP: 19/19 MP: 0/0
   338 | D:1      | Reached XP level 2. HP: 24/26 MP: 1/1
   488 | D:1      | Reached skill level 4 in Unarmed Combat
   488 | D:1      | Reached XP level 3. HP: 25/31 MP: 2/2
  1063 | D:2      | Found a faded altar of an unknown god.
  1146 | D:2      | Noticed Natasha
  1150 | D:2      | Killed Natasha
  1151 | D:2      | Reached XP level 4. HP: 30/38 MP: 3/3
  1381 | D:2      | Found a runed translucent door.
  1382 | D:2      | Noticed Crazy Yiuf
  1388 | D:2      | Killed Crazy Yiuf
  1512 | D:2      | Found a radiant altar of Vehumet.
  1556 | D:2      | Noticed Natasha
  1572 | D:2      | Killed Natasha
  1573 | D:2      | Reached skill level 5 in Unarmed Combat
  1573 | D:2      | Reached XP level 5. HP: 21/45 MP: 4/4
  1604 | D:2      | Noticed Natasha
  1608 | D:2      | Killed Natasha
  1905 | D:3      | Found a shadowy altar of Dithmenos.
  1917 | D:3      | Found an opulent altar of Gozag.
  1964 | D:3      | Reached XP level 6. HP: 27/51 MP: 5/5
  2161 | D:3      | Noticed Grinder
  2435 | D:3      | HP: 2/51 [orc/+0 club (4)]
  3238 | D:4      | Found a staircase to the Ecumenical Temple.
  3261 | Temple   | Entered the Ecumenical Temple
  3518 | D:4      | Found a basalt altar of Yredelemnul.
  3840 | D:5      | Entered Level 5 of the Dungeon
  3859 | D:5      | Reached skill level 6 in Unarmed Combat
  3910 | D:5      | Found a glowing golden altar of the Shining One.
  3969 | D:5      | Noticed a water moccasin
  3988 | D:5      | Killed a water moccasin
  3989 | D:5      | Reached XP level 7. HP: 32/57 MP: 6/6
  4236 | D:5      | Reached skill level 5 in Stealth
  4271 | D:5      | Got a twisted robe
  4348 | D:5      | Found Atzeco's Weapon Shop.
  4383 | D:5      | Slain by a gnoll

Illustrated notes

Levels and vault maps discovered:
D:1:      eino_arrival_druids_welcome, layout_loops_ring, minmay_pentomino_v4
D:2:      layout_rooms, lemuel_round_altar,
          chequers_ecumenical_altar_simple_redux, kennysheep_generic_room_10,
          uniq_natasha, uniq_crazy_yiuf_cottage
D:3:      layout_loops_ring, nicolae_overflow_hidden_temple,
          lemuel_doored_altar, uniq_grinder
D:4:      layout_loops_ring, lemuel_coloured_pillars_altar,
          minmay_temple_entry_slanted
D:5:      layout_basic, marbit_many_paths, kennysheep_little_box,
          nicolae_tso_besieged_by_evil, serial_shops, nicolae_shop_behind_doors
Temple:   cyrus_temple_forest

Skill      XL: |  1  2  3  4  5  6  7 |
---------------+----------------------+-----
Dodging        | 3 4 |  4.4
Unarmed Combat | 4 5 6 |  6.9
Stealth        | 3 4 5 |  5.0
Fighting       | |  3.2

Action                   |  1- 3 |  4- 6 |  7- 9 || total
-------------------------+-------+-------+-------++-------
Melee: Dagger            |    74 |   172 |       ||   246
       Unarmed           |     4 |    20 |    59 ||    83
       Punch             |       |     5 |     2 ||     7
Throw: Dart              |       |     5 |     1 ||     6
 Stab: Sleeping          |     4 |     6 |     1 ||    11
Armor: Robe              |     7 |    52 |     8 ||    67
Dodge: Dodged            |    42 |   147 |    36 ||   225
